 Dungeon Crawl Stone Soup version 0.21.1-1-g345015f (webtiles) character file.

81972 VLARC the Fighter (level 15, -5/159 HPs)
             Began as an Ogre Ice Elementalist on Mar 21, 2018.
             Was the Champion of Kikubaaqudgha.
             Slain by a sixfirhy (9 damage)
             ... summoned by an orc high priest
             ... on level 2 of the Orcish Mines on Mar 22, 2018.
             The game lasted 01:43:51 (33475 turns).

VLARC the Fighter (Ogre Ice Elementalist)          Turns: 33475, Time: 01:43:52

Health: -5/159     AC:  7    Str: 16    XL:     15   Next: 72%
Magic:  2/31       EV: 10    Int: 21    God:    Kikubaaqudgha [******]
Gold:   2377       SH:  0    Dex:  9    Spells: 2/38 levels left

rFire    + . .     SeeInvis .   q - +4 giant spiked club (drain)
rCold    + . .     Gourm    .   (shield currently unavailable)
rNeg     . . .     Faith    .   e - +0 troll leather armour
rPois    .         Spirit   .   (helmet restricted)
rElec    .         Reflect  .   r - +1 cloak
rCorr    .         Harm     .   (gloves unavailable)
MR       +....                  (boots unavailable)
Stlth    +.........             m - amulet of regeneration
HPRegen  1.16/turn              a - ring of protection from fire
MPRegen  0.22/turn              J - ring of protection from cold

@: about to teleport
A: large, unfitting armour, tough skin 1
a: Receive Corpses, Torment, Brand Weapon With Pain, Receive Necronomicon,
Renounce Religion


You were on level 2 of the Orcish Mines.
You worshipped Kikubaaqudgha.
Kikubaaqudgha was exalted by your worship.
You were hungry.

You visited 4 branches of the dungeon, and saw 21 of its levels.
You also visited: Volcano.

You collected 2399 gold pieces.
You spent 22 gold pieces at shops.

Inventory:

Hand Weapons
 q - a +4 giant spiked club of draining (weapon)
 V - a +0 giant club of flaming
Missiles
 Q - 5 large rocks (quivered)
Armour
 e - a +0 troll leather armour (worn)
 k - the +1 robe of Hyessorai {rElec Stlth+}
   (You found it on level 7 of the Dungeon)

   It insulates you from electricity.
   It makes you more stealthy.
 r - a +1 cloak (worn)
 w - +0 steam dragon scales
 y - a +2 robe of fire resistance
 C - a +2 robe of positive energy
 E - a +2 robe of fire resistance
 F - a +0 shield
Magical Staves
 d - an uncursed staff of summoning
Jewellery
 a - a ring of protection from fire (left hand)
 m - an amulet of regeneration (around neck)
 t - an uncursed ring of resist corrosion
 J - a ring of protection from cold (right hand)
 L - an uncursed ring of see invisible
 M - an uncursed ring of positive energy
Wands
 o - a wand of flame (60)
 p - a wand of random effects (45)
 D - a wand of disintegration (7)
 G - a wand of digging (10)
 K - a wand of clouds (6)
 O - a wand of enslavement (14)
Scrolls
 g - 3 scrolls of teleportation
 n - 10 scrolls of remove curse
 x - 3 scrolls of identify
 H - 3 scrolls of brand weapon
 I - a scroll of vulnerability {unknown}
 R - 2 scrolls of magic mapping
 T - a scroll of amnesia {unknown}
 U - a scroll of fog
Potions
 c - 5 potions of lignification
 h - 3 potions of haste
 i - 4 potions of curing
 j - 2 potions of brilliance
 l - 2 potions of agility
 s - a potion of berserk rage
 u - 3 potions of resistance
 v - 2 potions of ambrosia
 z - 6 potions of flight
 A - 2 potions of mutation
 N - a potion of invisibility
Books
 b - a book of Frost

   Spells                             Type                      Level
   a - Freeze                         Ice                          1
   b - Throw Frost                    Conjuration/Ice              2
   c - Ozocubu's Armour               Charms/Ice                   3
   d - Throw Icicle                   Conjuration/Ice              4
   e - Summon Ice Beast               Ice/Summoning                4
Comestibles
 f - 30 rations
 B - 3 chunks of flesh


   Skills:
 - Level 13.0 Fighting
 + Level 12.3 Maces & Flails
 * Level 3.3 Dodging
 - Level 1.4 Stealth
 - Level 12.0 Spellcasting
 - Level 8.0 Conjurations
 - Level 5.0 Summonings
 - Level 10.0 Necromancy
 - Level 9.0 Ice Magic
 - Level 6.0 Earth Magic


You had 2 spell levels left.
You knew the following spells:

 Your Spells              Type           Power        Failure   Level  Hunger
a - Freeze                Ice            ####         1%          1    None
b - Ozocubu's Armour      Chrm/Ice       ####....     3%          3    None
c - Summon Ice Beast      Ice/Summ       #####...     3%          4    None
d - Corpse Rot            Necr           N/A          1%          2    None
e - Bolt of Draining      Conj/Necr      ######....   4%          5    ####...
f - Borgnjor's Vile Clut  Necr/Erth      #####.....   7%          5    ####...
g - Sublimation of Blood  Necr           ######....   1%          2    None
h - Regeneration          Chrm/Necr      ####......   2%          3    None
i - Simulacrum            Ice/Necr       ######....   21%         6    #####..
j - Dispel Undead         Necr           ######..     3%          5    ####...


Dungeon Overview and Level Annotations

Branches:
Dungeon (12/15)            Temple (1/1) D:4            Lair (6/6) D:11
 Shoals (0/4) Lair:4       Spider (0/4) Lair:4        Slime (0/5) Lair:6
    Orc (2/2) D:9             Elf (0/3) Orc:2

Altars:
Ashenzari
Dithmenos
Fedhas
Gozag
Hepliaklqana
Kikubaaqudgha
Makhleb
Qazlal
Ru
Trog
Uskayaw

Shops:
Orc:2 *%[

Annotations:
D:12 SaintRoka's ghost, journeyman MiGl


Innate Abilities, Weirdness & Mutations

You are too large for most types of armour.
You have tough skin. (AC +1)


Message History

* * * LOW HITPOINT WARNING * * *
The sixfirhy hits you.
* * * LOW HITPOINT WARNING * * *
The sixfirhy shocks you!
* * * LOW HITPOINT WARNING * * *
The sixfirhy misses you.
The orc high priest utters an invocation to Beogh.
The orc high priest is healed somewhat.
Okay, then.
As you read the scroll of teleportation, it crumbles to dust.
You feel strangely unstable. The sixfirhy barely misses you.
The sixfirhy hits you!
* * * LOW HITPOINT WARNING * * *
The sixfirhy shocks you!
* * * LOW HITPOINT WARNING * * *
The sixfirhy hits you!
* * * LOW HITPOINT WARNING * * *
The sixfirhy shocks you!
You die...
Kikubaaqudgha rasps: "You have failed me!
Welcome... death!"

......###....#...## #o.#
...## .....###...#....## #6.
#.#.## ....###∩.#.....##
#4......## ...###.....#..##
##.#.....# ....###∩.#.....##
#...)...##
.....###...#...)## ##o#.###
..##..###....#...## ##o4.#
#. .##....###....[...##
##)..## #.
........###..###@.o##
##4.)## ##
..#......###.)###3.4###)..##
#.
....#.....###))###...#...##
#####
...........###..###4#)#.##
##.###
#...........###..###)..##
#...#.
#...#....<...###..###.##
##..### ...###......##
##..#### #...#.# #.##
##.###.######..## ##.#...
### ....#....).##...#
#......


You could see an orc high priest, 2 rust devils and a sixfirhy.

Vanquished Creatures
  Kirke (Lair:6)
  An ettin (Orc:2)
  2 ogre magi
  A catoblepas (Lair:6)
  6 hydras
  12 two-headed ogres
  10 death yaks
  A deep troll shaman (Lair:6)
  An orc high priest (Orc:2)
  A sixfirhy (Orc:2)
  A sun demon (Orc:2)
  A hell knight (Volcano)
  A fire crab (Lair:6)
  An unseen horror (D:9)
  2 gelid demonspawn (Orc:2)
  Pikel (D:8)
  5 orc knights
  6 orc sorcerers (Orc:2)
  9 elephants
  A merfolk siren (Lair:4)
  2 black mambas
  A molten gargoyle (Volcano)
  A torpor snail (Lair:6)
  7 spiny frogs
  7 rime drakes
  3 komodo dragons
  An ice devil (Orc:2)
  4 trolls
  A red devil (Orc:2)
  3 polar bears (Lair:6)
  A slime creature (Lair:6)
  A hornet (D:9)
  A blink frog (Lair:4)
  7 hippogriffs
  A dream sheep (D:11)
  Sigmund (D:6)
  A shadow (D:11)
  5 wyverns (Lair:5)
  6 wraiths
  4 hogs
  3 basilisks
  16 yaks
  2 hungry ghosts
  5 fire bats (Volcano)
  A steam dragon (D:8)
  A vampire mosquito (D:9)
  A two-headed ogre zombie (Orc:1)
  Edmund (D:5)
  2 acid dragons
  3 insubstantial wisps (Lair:1)
  2 soldier ants (D:10)
  7 wargs
  A hell hound (Lair:5)
  The ghost of VLARC the Skirmisher, an amateur OgWz (D:3)
  Duvessa (D:5)
  2 phantoms
  5 porcupines
  A black bear (D:7)
  4 necrophages
  31 orc warriors
  A sky beast (D:4)
  8 water moccasins
  An ice beast (D:9)
  21 ogres
  9 wolves
  6 centaurs
  Blork the orc (D:5)
  6 crocodiles
  A big kobold (D:11)
  10 bullfrogs
  Dowan (D:5)
  A wyvern zombie (D:9)
  2 scorpions
  13 killer bees
  3 wights
  An electric eel (Lair:6)
  A howler monkey (D:8)
  2 crimson imps (D:9)
  2 lava snakes (Volcano)
  A centaur zombie (D:9)
  3 bullfrog zombies
  9 hounds
  5 jellies
  24 orc priests
  A centaur skeleton (D:9)
  24 orc wizards
  3 quasits
  Ijyb (D:3)
  3 iguanas
  Natasha (thrice) (D:3)
  2 worker ants
  A killer bee zombie (D:7)
  An ogre zombie (Orc:1)
  A hound zombie (D:8)
  A hound skeleton (D:9)
  10 adders
  An ooze (D:1)
  An adder skeleton (D:9)
  An adder zombie (D:6)
  4 worms
  3 leopard geckos
  70 orcs
  A ball python (D:7)
  4 bats
  3 giant cockroaches
  9 goblins
  4 hobgoblins
  11 jackals
  3 quokkas
  A ball python skeleton (D:4)
  5 frilled lizards
  2 kobolds
  A leopard gecko skeleton (D:6)
  6 rats
  A plant (Lair:1)
526 creatures vanquished.

Vanquished Creatures (collateral kills)
  Josephine (Lair:6)
  4 hydras
  2 two-headed ogres
  2 death yaks
  An orc sorcerer (Orc:1)
  2 ugly things
  A manticore (D:11)
  2 black mambas
  A gargoyle (D:11)
  An orange demon (Orc:2)
  3 spiny frogs (Lair:3)
  4 rime drakes
  A komodo dragon (Lair:1)
  A merfolk (Lair:4)
  A troll (D:11)
  9 blink frogs
  2 slime creatures (Lair:6)
  4 hippogriffs
  A dream sheep (D:11)
  A water elemental (D:11)
  9 yaks
  A fire bat (Volcano)
  3 wyverns (Lair:5)
  3 basilisks
  A vampire mosquito (D:11)
  A warg (Orc:1)
  2 porcupines
  5 ogres
  11 wolves
  3 crocodiles (Lair:6)
  2 big kobolds (D:11)
  2 bullfrogs
  2 killer bees (D:11)
  2 electric eels (D:11)
  5 lava snakes (Volcano)
  An orc priest (Orc:2)
  A hound (D:11)
98 creatures vanquished.

Vanquished Creatures (others)
  4 slaves (D:8)
  A wight (D:8)
  17 fungi
  9 plants
31 creatures vanquished.

Grand Total: 655 creatures vanquished

Notes
Turn   | Place    | Note
-------+----------+-------------------------------------------
     0 | D:1      | VLARC the Ogre Ice Elementalist began the quest for the Orb.
     0 | D:1      | Reached XP level 1. HP: 16/16 MP: 3/3
   118 | D:1      | Reached skill level 1 in Fighting
   126 | D:1      | Reached XP level 2. HP: 17/27 MP: 0/5
   498 | D:1      | Reached skill level 2 in Fighting
   735 | D:1      | Reached XP level 3. HP: 33/35 MP: 6/6
  1427 | D:2      | Learned a level 3 spell: Ozocubu's Armour
  1627 | D:2      | Reached skill level 3 in Fighting
  2304 | D:3      | Reached XP level 4. HP: 14/46 MP: 0/7
  2684 | D:3      | Noticed VLARC's ghost (amateur OgWz)
  3038 | D:3      | HP: 2/48 [poisoned by an adder]
  3383 | D:3      | Noticed Natasha
  3390 | D:3      | Killed Natasha
  3390 | D:3      | Reached skill level 4 in Fighting
  3390 | D:3      | Reached XP level 5. HP: 41/54 MP: 2/8
  3502 | D:3      | Noticed Ijyb
  3523 | D:3      | Killed Ijyb
  3630 | D:3      | Noticed Natasha
  3641 | D:3      | Killed Natasha
  3657 | D:3      | Noticed Natasha
  3679 | D:3      | Killed Natasha
  3679 | D:3      | Reached skill level 5 in Fighting
  3849 | D:4      | Reached XP level 6. HP: 48/66 MP: 3/9
  4327 | D:4      | Found a staircase to the Ecumenical Temple.
  4334 | Temple   | Entered the Ecumenical Temple
  4339 | Temple   | Became a worshipper of Kikubaaqudgha
  4354 | D:4      | Reached skill level 5 in Ice Magic
  4510 | D:4      | Reached skill level 6 in Fighting
  4517 | D:4      | Reached XP level 7. HP: 52/76 MP: 1/10
  4607 | D:4      | Found a stormy altar of Qazlal.
  4912 | D:5      | Entered Level 5 of the Dungeon
  4950 | D:5      | Noticed Edmund
  4992 | D:5      | Killed Edmund
  4992 | D:5      | Reached skill level 7 in Fighting
  5208 | D:5      | Noticed Blork the orc
  5226 | D:5      | Killed Blork the orc
  5412 | D:5      | Noticed Duvessa
  5412 | D:5      | Noticed Dowan
  5431 | D:5      | Killed Duvessa
  5431 | D:5      | Reached skill level 8 in Fighting
  5431 | D:5      | Reached XP level 8. HP: 53/88 MP: 3/11
  5434 | D:5      | Killed Dowan
  6190 | D:6      | Reached skill level 9 in Fighting
  6198 | D:6      | Found a blossoming altar of Fedhas.
  6916 | D:6      | Reached skill level 10 in Fighting
  7288 | D:6      | Reached XP level 9. HP: 101/101 MP: 12/12
  7398 | D:6      | Noticed Sigmund
  7409 | D:6      | Killed Sigmund
  8034 | D:3      | Killed VLARC's ghost
  8480 | D:7      | Identified a scroll of acquirement
  8481 | D:7      | Got a bloodstained robe
  8484 | D:6      | Identified the +0 robe of Summertime {rC+ MR- rCorr Stlth+} (You acquired it on level 7 of the Dungeon)
  8646 | D:7      | Got a creamy pearl robe
  8647 | D:7      | Identified the +1 robe of Hyessorai {rElec Stlth+} (You found it on level 7 of the Dungeon)
  8813 | D:7      | Reached skill level 11 in Fighting
  9340 | D:6      | Reached * piety under Kikubaaqudgha
  9340 | D:6      | Identified Kikubaaqudgha's Disquisition on Black Arts (Kikubaaqudgha gifted it to you on level 6 of the Dungeon)
  9340 | D:6      | Received a gift from Kikubaaqudgha
  9340 | D:6      | Reached skill level 1 in Necromancy
  9829 | D:8      | Noticed Pikel
  9845 | D:8      | Killed Pikel
 10083 | D:8      | Reached skill level 12 in Fighting
 10083 | D:8      | Reached XP level 10. HP: 115/115 MP: 9/13
 10211 | D:8      | Noticed a two-headed ogre
 10224 | D:8      | Killed a two-headed ogre
 10725 | D:9      | Found a staircase to the Orcish Mines.
 10897 | D:9      | Noticed a two-headed ogre
 10925 | D:9      | Found a runed door.
 11283 | D:7      | Learned a level 4 spell: Summon Ice Beast
 11495 | D:9      | Reached skill level 1 in Summonings
 11541 | D:9      | Reached skill level 13 in Fighting
 11791 | D:9      | Reached ** piety under Kikubaaqudgha
 12539 | D:8      | Killed a two-headed ogre
 12842 | D:9      | Reached skill level 5 in Summonings
 13060 | D:9      | Found a runed door.
 13062 | D:9      | Found a runed door.
 13225 | D:9      | Learned a level 2 spell: Corpse Rot
 13262 | D:10     | Entered Level 10 of the Dungeon
 13302 | D:10     | Reached skill level 5 in Necromancy
 13571 | D:10     | Reached XP level 11. HP: 118/125 MP: 12/16
 14707 | D:11     | Reached skill level 5 in Spellcasting
 14857 | D:11     | Reached skill level 1 in Maces & Flails
 14986 | D:11     | Noticed a green ugly thing
 15019 | D:10     | Killed a green ugly thing
 15146 | D:11     | Noticed a cyan ugly thing
 15473 | D:11     | Killed a cyan ugly thing
 15587 | D:11     | Reached *** piety under Kikubaaqudgha
 15587 | D:11     | Identified Kikubaaqudgha's Papyrus of Unholy Arts (Kikubaaqudgha gifted it to you on level 11 of the Dungeon)
 15587 | D:11     | Received a gift from Kikubaaqudgha
 15794 | D:11     | Learned a level 5 spell: Bolt of Draining
 15800 | D:11     | Learned a level 5 spell: Borgnjor's Vile Clutch
 15831 | D:11     | Found a staircase to the Lair.
 16199 | D:11     | Noticed a manticore
 16207 | D:11     | Killed a manticore
 17633 | D:11     | Noticed a three-headed hydra
 17653 | D:11     | Killed a three-headed hydra
 17800 | D:11     | Reached XP level 12. HP: 136/136 MP: 19/19
 17854 | Lair:1   | Entered Level 1 of the Lair of Beasts
 17871 | Lair:1   | Noticed a six-headed hydra
 17880 | Lair:1   | Killed a six-headed hydra
 19485 | Lair:2   | Reached skill level 1 in Conjurations
 19500 | Lair:2   | Reached XP level 13. HP: 70/144 MP: 3/20
 19537 | Lair:2   | Reached **** piety under Kikubaaqudgha
 20167 | Lair:2   | Reached skill level 10 in Necromancy
 21882 | Lair:3   | Got an iridescent mace
 21883 | Lair:3   | Identified the +7 mace of Intuition {freeze, *Slow +Rage rPois} (You found it on level 3 of the Lair of Beasts)
 21923 | Lair:3   | Reached skill level 5 in Conjurations
 22360 | Lair:3   | Found a dark tunnel.
 22367 | Volcano  | Entered a volcano
 22806 | Volcano  | Noticed an ogre mage
 22822 | Volcano  | Killed an ogre mage
 22833 | Volcano  | Found a bloodstained altar of Trog.
 23804 | Lair:4   | Found a hole to the Spider Nest.
 24822 | Lair:4   | Found a staircase to the Shoals.
 24888 | Lair:4   | Reached XP level 14. HP: 73/153 MP: 12/23
 25167 | Lair:5   | Reached ***** piety under Kikubaaqudgha
 25554 | Lair:5   | Reached skill level 10 in Maces & Flails
 26580 | Lair:6   | Entered Level 6 of the Lair of Beasts
 26710 | Lair:6   | Noticed Kirke
 26880 | Lair:6   | Killed Kirke
 27256 | Lair:6   | Found a staircase to the Slime Pits.
 27301 | Lair:6   | Reached skill level 10 in Spellcasting
 27641 | Lair:6   | Noticed Josephine
 27648 | Lair:6   | Killed Josephine
 29325 | Lair:6   | Reached XP level 15. HP: 112/159 MP: 19/30
 29706 | D:12     | Learned a level 2 spell: Sublimation of Blood
 29710 | D:12     | Learned a level 3 spell: Regeneration
 29719 | D:12     | Learned a level 6 spell: Simulacrum
 29725 | D:12     | Learned a level 5 spell: Dispel Undead
 29976 | D:12     | Noticed SaintRoka's ghost (journeyman MiGl)
 30097 | Orc:1    | Entered Level 1 of the Orcish Mines
 30321 | Orc:1    | Reached skill level 1 in Earth Magic
 30699 | Orc:2    | Entered Level 2 of the Orcish Mines
 30784 | Orc:2    | Found a staircase to the Elven Halls.
 30871 | Orc:2    | Reached ****** piety under Kikubaaqudgha
 31365 | Orc:2    | Found Yruda's Antique Armour Shoppe.
 31812 | Orc:2    | Reached skill level 5 in Earth Magic
 32347 | Orc:2    | Found Lituply's General Store.
 32348 | Orc:2    | Found Wemuiqur's Food Shoppe.
 32490 | Orc:2    | Bought a scroll of identify for 22 gold pieces
 32543 | Orc:1    | Found a bloodstained altar of Trog.
 32543 | Orc:1    | Noticed an orc warlord
 33475 | Orc:2    | HP: 4/159 [sixfirhy[an orc high priest] (10)]
 33475 | Orc:2    | Slain by a sixfirhy

Skill      XL: |  1  2  3  4  5  6  7  8  9 10 11 12 13 14 15 |
---------------+----------------------------------------------+-----
Fighting       | 1 2 3 4 5 6 8 10 12 13 | 13.0
Ice Magic      | 3 4 5 6 7 9 |  9.0
Necromancy     | 3 5 9 10 | 10.0
Summonings     | 5 |  5.0
Spellcasting   | 3 5 6 11 12 | 12.0
Maces & Flails | 7 9 11 12 | 12.3
Conjurations   | 1 8 |  8.0
Earth Magic    | 6 |  6.0
Dodging        | 3 |  3.3
Stealth        | |  1.4

Action                   |  1- 3 |  4- 6 |  7- 9 | 10-12 | 13-15 || total
-------------------------+-------+-------+-------+-------+-------++-------
Melee: Unarmed           |    12 |       |       |       |       ||    12
       Dagger            |    83 |   111 |     5 |       |       ||   199
       Flail             |       |       |   244 |       |       ||   244
       Whip              |       |       |    38 |   511 |   166 ||   715
       Giant club        |       |       |       |       |   355 ||   355
       Giant spiked club |       |       |       |       |   303 ||   303
 Cast: Freeze            |    38 |    48 |    58 |   129 |    10 ||   283
       Ozocubu's Armour  |       |     6 |    22 |    54 |    78 ||   160
       Summon Ice Beast  |       |       |       |    53 |   150 ||   203
       Corpse Rot        |       |       |       |     5 |    23 ||    28
       Bolt of Draining  |       |       |       |       |    81 ||    81
       Borgnjor's Vile C |       |       |       |       |     8 ||     8
Invok: Receive Corpses   |       |       |       |       |     3 ||     3
Evoke: Wand              |       |       |       |       |     1 ||     1
  Use: Scroll            |       |       |    26 |     8 |    10 ||    44
       Potion            |       |       |     1 |     4 |     7 ||    12
 Stab: Sleeping          |       |       |       |     1 |       ||     1
       Distracted        |       |       |       |     1 |     6 ||     7
  Eat: Chunk             |     3 |     6 |    17 |    31 |    60 ||   117
       Ration            |       |     1 |     2 |     5 |     6 ||    14
Armor: Robe              |    59 |    80 |   173 |   322 |   279 ||   913
       Skin              |       |       |     5 |    21 |       ||    26
       Troll leather arm |       |       |       |       |    68 ||    68
Dodge: Dodged            |    73 |   106 |   158 |   369 |   469 ||  1175
